 Dungeon Crawl Stone Soup version 0.28-a0-1334-g1c9ffb4daf (webtiles) character file.

Game seed: 1836688424104840647

599 GordonOverkill the Chopper (level 7, 0/60 (64) HPs)
             Began as a Minotaur Cinder Acolyte on Dec 27, 2021.
             Was an Elder of Ignis.
             Slain by a wight (1 damage)
             ... on level 5 of the Dungeon on Dec 28, 2021.
             The game lasted 00:09:13 (5148 turns).

GordonOverkill the Chopper (MiCA)                   Turns: 5148, Time: 00:09:14

HP:   0/60 (64)     AC:  9    Str: 20    XL:     7   Next: 17%
MP:   7/7           EV:  2    Int: 11    God:    Ignis [****..]
Gold: 158           SH: 10    Dex:  6    Spells: 8/8 levels left

rFire   + + +      SeeInvis .   a - -1 hand axe (flame)
rCold   + . .      Faith    .   u - +0 tower shield
rNeg    . . .      Spirit   .   s - +0 chain mail
rPois   .          Reflect  .   (helmet restricted)
rElec   .          Harm     .   l - scarf {rC+ rF+}
rCorr   .          Rampage  .   c - +0 pair of gloves
Will    .....                   (no boots)
Stlth   ..........              (no amulet)
HPRegen 0.20/turn               h - ring of protection from fire
MPRegen 0.10/turn               (no ring)

@: drained
A: horns 2, retaliatory headbutt
a: Renounce Religion, Fiery Armour, Foxfire Swarm, Rising Flame


You were on level 5 of the Dungeon.
You worshipped Ignis.
Ignis was greatly pleased with you.
You visited 1 branch of the dungeon, and saw 5 of its levels.

You collected 206 gold pieces.
You spent 48 gold pieces at shops.

Inventory:

Hand Weapons
 a - a -1 hand axe of flaming (weapon)
 b - a +0 hand axe of venom
 A - a +0 war axe
Missiles
 j - 19 poisoned darts (quivered)
 B - a boomerang
Armour
 c - a +0 pair of gloves (worn)
 l - a scarf of resistance (worn)
 s - a +0 chain mail (worn)
 u - a +0 tower shield (worn)
Jewellery
 h - a ring of protection from fire (left hand)
 t - a ring of resist corrosion
Wands
 q - a wand of digging (1)
Scrolls
 d - a scroll of acquirement {unknown}
 f - a scroll of fear {unknown}
 i - a scroll of fog
 k - a scroll of teleportation
 o - a scroll of silence {unknown}
 r - a scroll of summoning {unknown}
 x - a scroll of magic mapping {unknown}
 y - a scroll of noise {unknown}
 C - a scroll of blinking {unknown}
Potions
 e - a potion of haste
 g - a potion of mutation
 m - 2 potions of might
 n - a potion of brilliance {unknown}
 p - 2 potions of flight
 v - a potion of degeneration {unknown}
 w - a potion of heal wounds {unknown}
 z - 3 potions of curing


   Skills:
 + Level 6.6 Fighting
 + Level 6.6 Axes
 - Level 3.0 Throwing
 + Level 2.6 Shields
 - Level 1.0 Spellcasting
 - Level 2.1 Fire Magic


You had 8 spell levels left.
You didn't know any spells.
Your spell library contained the following spells:

 Spells                   Type           Power      Damage    Failure   Level
 Scorch                   Fire           10%        2d5       100%        2


Dungeon Overview and Level Annotations

Branches:
Dungeon (5/15)
 Temple: D:4-7

Altars:

Shops:
D:1 ?


Innate Abilities, Weirdness & Mutations

You have a pair of horns on your head.
You reflexively headbutt those who attack you in melee.


Message History

You hit the wight but do no damage. You headbutt the wight.
The wight is severely damaged.
You block the wight's attack.
You hit the wight but do no damage. Your headbutt misses the wight.
The wight is severely damaged.
The wight hits you with a +3 flail of freezing.
You feel drained. The wight freezes you. You block the wight's attack.
You hit the wight but do no damage.
The wight is severely damaged.
The wight hits you with a +3 flail of freezing.
You feel drained.
You hit the wight. You burn the wight.
The wight is almost destroyed.
The wight hits you with a +3 flail of freezing.
The wight freezes you. You block the wight's attack.
You hit the wight but do no damage.
The wight is almost destroyed.
The wight hits you with a +3 flail of freezing.
You hit the wight. You burn the wight.
You destroy the wight!
A wight comes into view.
It is wielding a +3 battleaxe of freezing.
Things that are here:
a +3 flail of freezing; a +0 robe You are too injured to fight recklessly!
The wight hits you with a +3 battleaxe of freezing!
* * * LOW HITPOINT WARNING * * *
The wight freezes you.
* * * LOW HITPOINT WARNING * * *
You hit the wight but do no damage. You headbutt the wight.
The wight is lightly damaged.
The wight hits you with a +3 battleaxe of freezing!
* * * LOW HITPOINT WARNING * * *
The wight freezes you.
* * * LOW HITPOINT WARNING * * *
The wight hits you with a +3 battleaxe of freezing!
* * * LOW HITPOINT WARNING * * *
You feel drained.
* * * LOW HITPOINT WARNING * * *
The wight freezes you.
You die...

##...
..####...##
.......(..#
#<..# ##.##
#.# #.#
####)####
#....@z.#
#.##.##.# #
#.# # #..
###


You could see a wight.

Vanquished Creatures
  A water moccasin (D:3)
  A phantom (D:4)
  A wight (D:5)
  A bullfrog zombie (D:3)
  A bullfrog skeleton (D:4)
  A jelly (D:4)
  A centaur skeleton (D:4)
  An iguana (D:2)
  Natasha (thrice) (D:2)
  An orc wizard (D:4)
  A howler monkey skeleton (D:5)
  3 adders
  5 dart slugs
  7 orcs
  6 ball pythons
  9 endoplasms
  4 giant cockroaches
  7 goblins
  8 hobgoblins
  5 jackals
  3 quokkas
  6 bats
  A frilled lizard (D:3)
  8 kobolds
  3 rats
88 creatures vanquished.

Vanquished Creatures (others)
  23 foxfires
23 creatures vanquished.

Grand Total: 111 creatures vanquished

Notes
Turn   | Place    | Note
-------+----------+-------------------------------------------
     0 | D:1      | GordonOverkill the Minotaur Cinder Acolyte began the quest
                  | for the Orb.
     0 | D:1      | Reached XP level 1. HP: 19/19 MP: 1/1
    53 | D:1      | Found a faded altar of an unknown god.
   158 | D:1      | Reached XP level 2. HP: 14/27 MP: 2/2
   351 | D:1      | Found Kifap's Magic Scroll Boutique.
   389 | D:1      | Upgraded the game from 0.28-a0-1292-gb4563b27b3 to
                  | 0.28-a0-1334-g1c9ffb4daf
   986 | D:1      | Reached XP level 3. HP: 28/34 MP: 3/3
  1323 | D:1      | Bought a scroll of identify for 24 gold pieces
  1324 | D:1      | Bought a scroll of identify for 24 gold pieces
  1642 | D:2      | Reached skill level 1 in Throwing
  1642 | D:2      | Reached XP level 4. HP: 41/41 MP: 4/4
  2037 | D:2      | Noticed Natasha
  2045 | D:2      | Killed Natasha
  2046 | D:2      | Reached skill level 5 in Fighting
  2046 | D:2      | Reached skill level 5 in Axes
  2591 | D:2      | Noticed Natasha
  2597 | D:2      | Killed Natasha
  2737 | D:2      | Noticed Natasha
  2747 | D:2      | Killed Natasha
  2748 | D:2      | Reached XP level 5. HP: 44/48 MP: 5/5
  3098 | D:3      | Noticed a water moccasin
  3104 | D:3      | Killed a water moccasin
  3105 | D:3      | Reached XP level 6. HP: 57/57 MP: 6/6
  3552 | D:4      | Reached skill level 1 in Shields
  4476 | D:4      | Reached XP level 7. HP: 44/64 MP: 7/7
  5087 | D:5      | Entered Level 5 of the Dungeon
  5148 | D:5      | HP: 1/60 [wight (4)]
  5148 | D:5      | Slain by a wight

Illustrated notes

Levels and vault maps discovered:
D:1:      nzn_arrival_depleted_hourglass, layout_loops_ring, serial_shops,
          nicolae_shop_statue_plus, chequers_ecumenical_altar_island
D:2:      layout_basic, uniq_natasha
D:3:      layout_basic
D:4:      layout_loops_ring
D:5:      layout_loops_cross, nzn_overflow_gifts_of_might_and_magic,
          serial_shops, kennysheep_little_box, roderic_roman_lattice,
          uniq_eustachio, uniq_menkaure

Skill      XL: |  1  2  3  4  5  6 |
---------------+-------------------+-----
Fighting       | 4 5 6 |  6.6
Axes           | 4 5 6 |  6.6
Throwing       | 1 2 3 |  3.0
Shields        | 2 |  2.6
Spellcasting   | |  1.0
Fire Magic     | |  2.1

Action                   |  1- 3 |  4- 6 |  7- 9 || total
-------------------------+-------+-------+-------++-------
Melee: Hand axe          |    81 |   155 |    25 ||   261
       Headbutt          |    14 |    22 |     5 ||    41
Throw: Dart              |     3 |    14 |       ||    17
Invok: Foxfire Swarm     |       |     3 |       ||     3
  Use: Scroll            |     2 |     2 |     2 ||     6
       Potion            |       |     3 |       ||     3
Armor: Robe              |    15 |     5 |       ||    20
       Chain mail        |       |   107 |     9 ||   116
Dodge: Dodged            |    37 |    36 |     2 ||    75
Block: Tower shield      |       |    49 |    14 ||    63

Table legend: (Time is in decaauts)
 A = Elapsed time spent in this place.
 B = Non-inter-level travel time spent in this place.
 C = Inter-level travel time spent in this place.
 D = Time resting spent in this place.
 E = Time spent auto-exploring this place.
 F = Levels seen in this place.
 G = Mean time per level.
                   A        B        C        D        E       F      G
               +--------+--------+--------+--------+--------+-----+--------+
         Total |   5227 |   4922 |    305 |   1373 |   2541 |   5 | 1045.4 |
       Dungeon |   5227 |   4922 |    305 |   1373 |   2541 |   5 | 1045.4 |
               +--------+--------+--------+--------+--------+-----+--------+

Top non-repeatable levels by time:
     D:2: 1422 daAuts
     D:1: 1386 daAuts
     D:3: 1232 daAuts
     D:4: 1148 daAuts
     D:5: 37 daAuts
